 Dungeon Crawl Stone Soup version 0.29.0-4-gdea44cf6ec (webtiles) character file.

Game seed: 17866546220641458755

6595 freelancePsychic the Cruncher (level 10, -1/85 HPs)
             Began as a Palentonga Summoner on Aug 27, 2022.
             Was a Believer of the Shining One.
             Succumbed to a queen bee's poison
             ... on level 9 of the Dungeon.
             The game lasted 00:22:14 (12198 turns).

freelancePsychic the Cruncher (PaSu)               Turns: 12198, Time: 00:22:15

Health: -1/85      AC: 20    Str: 18    XL:     10   Next: 71%
Magic:  5/13       EV:  8    Int: 15    God:    the Shining One [**....]
Gold:   796        SH:  8    Dex: 11    Spells: 12/13 levels left

rFire   + + +      SeeInvis +   a - +3 Elemental Staff {rElec rF++ rC++ AC+5}
rCold   + + +      Faith    .   (no shield)
rNeg    + . .      Spirit   .   r - +1 ring mail {Will+}
rPois   +          Reflect  .   i - +2 helmet
rElec   +          Harm     .   t - +2 cloak
rCorr   +          Rampage  .   I - +2 pair of gloves {infuse}
Will    ++...                   (no barding)
Stlth   +.........              (no amulet)
HPRegen 0.24/turn               e - ring of resist corrosion
MPRegen 0.13/turn               v - ring of willpower

@: lethally poisoned (-1 -> -17), divinely shielded, resistant, hasted, glowing,
invisible (but backlit and visible), very quick
A: large, rugged brown scales 3, see invisible, deformed body, roll 1, armoured
tail, reflexive curl, deterioration 2, poison resistance
a: Rolling Charge, Renounce Religion, Divine Shield


You were on level 9 of the Dungeon.
You worshipped the Shining One.
The Shining One was pleased with you.
You visited 1 branch of the dungeon, and saw 9 of its levels.
You also visited: Ossuary.

You collected 796 gold pieces.

Inventory:

Hand Weapons
 a - the +3 Elemental Staff (weapon) {rElec rF++ rC++ AC+5}
   (You acquired it on level 6 of the Dungeon)

   If the wielder is skilled in Evocations, they can discharge powerful blasts
   of elemental energy when striking with it.
   It enhances your fire, ice, earth and air magic.
   AC:        It affects your AC (+5).
   rF:        It greatly protects you from fire.
   rC:        It greatly protects you from cold.
   rElec:     It insulates you from electricity.
 b - a +0 war axe of flaming
Missiles
 C - a throwing net
Armour
 i - a +2 helmet (worn)
 j - a +0 plate armour
 q - a +0 pair of gloves
 r - a +1 ring mail of willpower (worn)
 t - a +2 cloak (worn)
 I - a +2 pair of gloves of infusion (worn)
Jewellery
 e - a ring of resist corrosion (left hand)
 n - a +6 ring of strength
 v - a ring of willpower (right hand)
Wands
 d - a wand of paralysis (3)
 g - a wand of polymorph (18)
 w - a wand of flame (65)
 G - a wand of roots (5)
Scrolls
 c - a scroll of magic mapping
 k - 4 scrolls of enchant armour
 l - 2 scrolls of vulnerability
 o - 2 scrolls of blinking
 u - a scroll of enchant weapon
 A - a scroll of summoning {unknown}
 D - a scroll of amnesia
 E - 2 scrolls of poison {unknown}
 H - a scroll of identify {@r1}
Potions
 f - 2 potions of flight
 h - 2 potions of cancellation
 m - 8 potions of attraction
 p - a potion of resistance
 s - 2 potions of brilliance
 x - 2 potions of invisibility
 y - 3 potions of magic


   Skills:
 + Level 7.8 Fighting
 - Level 2.5(5.1) Axes
 - Level 6.4(8.2) Polearms
 * Level 8.0(9.2) Staves
 - Level 1.5 Dodging
 - Level 1.2 Stealth
 - Level 2.0 Spellcasting
 - Level 3.2 Summonings
 - Level 5.1 Invocations
 * Level 7.0 Evocations


You had 12 spell levels left.
You knew the following spells:

 Your Spells              Type           Power      Damage    Failure   Level
a - Summon Small Mammal   Summ           44%        N/A       11%         1

Your spell library contained the following spells:

 Spells                   Type           Power      Damage    Failure   Level
 Call Imp                 Summ           11%        N/A       16%         2
 Call Canine Familiar     Summ           11%        N/A       30%         3
 Apportation              Tloc           2%         N/A       36%         1
 Beastly Appendage        Tmut           2%         N/A       36%         1
 Necrotise                Necr           4%         1d4       36%         1
 Sting                    Tmut/Pois      4%         1d3       36%         1
 Poisonous Vapours        Pois/Air       4%         N/A       52%         2
 Wereblood                Tmut           1%         N/A       52%         2
 Summon Guardian Golem    Hex/Summ       6%         N/A       52%         3
 Gell's Gravitas          Tloc           1%         N/A       75%         3
 Spider Form              Tmut/Pois      1%         N/A       75%         3
 Teleport Other           Tloc           1%         N/A       75%         3
 Summon Lightning Spire   Summ/Air       9%         N/A       90%         4
 Corpse Rot               Necr/Pois/Air  2%         N/A       98%         4
 Olgreb's Toxic Radiance  Pois           1%         N/A       98%         4
 Alistair's Intoxication  Tmut/Pois      0%         N/A       100%        5
 Dispersal                Tloc           0%         N/A       100%        6


Dungeon Overview and Level Annotations

Branches:
Dungeon (9/15)             Temple (0/1) D:6             Orc (0/2) D:9
Ossuary (visited)
   Lair: D:8-11

Altars:
Kikubaaqudgha
Makhleb
Sif Muna
Vehumet
Wu Jian
Xom
The Shining One

Shops:
D:6 =

Annotations:
D:2 1 runed translucent door, Crazy Yiuf


Innate Abilities, Weirdness & Mutations

You are completely covered in rugged brown scales. (AC +3, +7% HP)
You have supernaturally acute eyesight. (SInv)
Armour fits poorly on your strangely shaped body.
You can roll at nearby foes to attack.
You have a long armoured tail.
You curl defensively after being hit. (AC +7*)
Your body often deteriorates upon taking damage.
Your system is resistant to poisons. (rPois)


Message History

You are too injured to fight recklessly!
You are too injured to fight recklessly!
A divine shield forms around you!
You feel extremely sick.
The queen bee stings you but does no damage.
You barely miss the queen bee.
The queen bee is moderately wounded.
You feel very sick.
The queen bee stings you but does no damage.
You hit the queen bee.
You electrocute the queen bee!!
The queen bee is almost dead.
You feel very sick.
You hit the queen bee but do no damage.
The queen bee is almost dead.
You feel very sick. The queen bee stings you!
* * * LOW HITPOINT WARNING * * *
You are lethally poisoned!
The queen bee poisons you!
You sock the queen bee!
You kill the queen bee!
* * * LOW HITPOINT WARNING * * *
You feel extremely sick.
Your base Staves skill increases to level 8!
Your Evocations skill increases to level 7!
It was a potion of invisibility.
You become transparent, but the glow from your halo prevents you from becoming completely invisible.
* * * LOW HITPOINT WARNING * * *
You feel extremely sick.
It was a potion of mutation.
You feel extremely strange.
You feel yourself wasting away.
You feel your body start to fall apart.
You feel resistant to poisons.
* * * LOW HITPOINT WARNING * * *
You feel very sick.
It was a potion of resistance.
You feel protected.
* * * LOW HITPOINT WARNING * * *
You feel very sick.
It was a potion of haste.
You feel yourself speed up.
You die...

########## #..yyyy†.# #.##yy...#
######### #.# y†..#
##.......#####.## ...###########
.#..............# ..#..........
.#.._♣...##....†#######..........
.#..)....######.@.†.....<........
##.(.....######..................
.........#.......................
##.(....(#.......................
##..~~~..#.......................
#..~~~..#######........_........
#~~~~~~.# #..#####..........
#~~~~~~~# #..# ####.......
########### #..# #.......


There were no monsters in sight!

Vanquished Creatures
  Joseph (D:8)
  Psyche (D:8)
  A queen bee (D:9)
  Prince Ribbit (D:8)
  6 yaks
  A wyvern (D:9)
  3 steam dragons
  4 wargs (D:9)
  An acid dragon (D:9)
  A water moccasin (D:7)
  2 ice beasts (D:7)
  A black bear (D:6)
  2 orc warriors
  An ogre (D:5)
  A centaur (D:8)
  A phantom (D:6)
  6 bullfrogs
  A gnoll sergeant (D:8)
  2 necrophages
  A scorpion (D:6)
  4 wights (D:8)
  23 killer bees (D:9)
  A howler monkey (D:5)
  4 hounds (D:5)
  9 orc priests
  3 iguanas
  4 orc wizards
  8 mummies (Ossuary)
  3 gnolls (D:8)
  17 adders
  A dart slug (D:1)
  26 orcs
  11 ball pythons
  2 bats
  8 endoplasms
  4 giant cockroaches
  3 gnoll zombies (Ossuary)
  7 goblins
  3 hobgoblins
  4 jackals (D:5)
  5 kobolds
  2 quokkas
  A hobgoblin zombie (Ossuary)
  2 kobold zombies (Ossuary)
  2 orc zombies (Ossuary)
  5 rats
200 creatures vanquished.

Vanquished Creatures (others)
  A human (D:9)
  4 orcs
5 creatures vanquished.

Grand Total: 205 creatures vanquished

Notes
Turn   | Place    | Note
-------+----------+-------------------------------------------
     0 | D:1      | freelancePsychic the Palentonga Summoner began the quest
                  | for the Orb.
     0 | D:1      | Reached XP level 1. HP: 13/13 MP: 3/3
   509 | D:1      | Reached skill level 1 in Polearms
   657 | D:1      | Reached XP level 2. HP: 15/21 MP: 5/5
   774 | D:1      | Reached skill level 1 in Fighting
  1138 | D:2      | Reached XP level 3. HP: 24/27 MP: 6/6
  1423 | D:2      | Found a runed translucent door.
  1424 | D:2      | Noticed Crazy Yiuf
  1580 | D:2      | Found a faded altar of an unknown god.
  1732 | D:3      | Reached XP level 4. HP: 35/35 MP: 7/7
  2054 | D:3      | Found a shimmering blue altar of Sif Muna.
  2094 | D:3      | Found a glowing golden altar of the Shining One.
  2108 | D:3      | Became a worshipper of the Shining One
  2252 | D:3      | Found a radiant altar of Vehumet.
  2509 | D:3      | Reached skill level 1 in Invocations
  2589 | D:3      | Reached XP level 5. HP: 41/41 MP: 8/8
  3074 | D:4      | Found a shimmering altar of Xom.
  3894 | D:4      | Reached XP level 6. HP: 49/49 MP: 9/9
  4261 | D:5      | Entered Level 5 of the Dungeon
  5269 | D:5      | Gained mutation: You curl defensively after being hit. (AC
                  | +7*) [Palentonga growth]
  5269 | D:5      | Reached XP level 7. HP: 48/55 MP: 10/10
  5433 | D:5      | Reached skill level 5 in Polearms
  6104 | D:6      | Found Uhaakioh's Jewellery Shop.
  6133 | D:6      | Found a sand-covered staircase.
  6143 | Ossuary  | Entered an ossuary
  6145 | Ossuary  | Reached * piety under the Shining One
  6255 | Ossuary  | HP: 2/56 [mummy (14)]
  6593 | Ossuary  | Reached ** piety under the Shining One
  6788 | Ossuary  | Learned a level 1 spell: Summon Small Mammal
  6892 | D:6      | Found a staircase to the Ecumenical Temple.
  6976 | D:6      | Reached XP level 8. HP: 62/65 MP: 11/11
  7454 | D:6      | Identified the +1 robe "Feitso Odath" {Dex+3}
  7517 | D:6      | Reached skill level 5 in Fighting
  7517 | D:6      | Reached skill level 1 in Axes
  7640 | D:6      | Reached skill level 5 in Invocations
  7992 | D:6      | Identified a scroll of acquirement
  7992 | D:6      | Acquired the +3 Elemental Staff {rElec rF++ rC++ AC+5}
  7992 | D:6      | Found the +3 Elemental Staff {rElec rF++ rC++ AC+5}
  8324 | D:7      | Reached skill level 1 in Staves
  8345 | D:7      | Reached skill level 1 in Evocations
  8536 | D:7      | Reached skill level 2 in Staves
  8800 | D:7      | Reached skill level 3 in Staves
  8809 | D:7      | Reached XP level 9. HP: 54/73 MP: 12/12
  9555 | D:8      | Noticed Psyche
  9566 | D:8      | Reached skill level 4 in Staves
  9571 | D:8      | Noticed Prince Ribbit
  9915 | D:8      | Killed Psyche
  9927 | D:8      | Killed Prince Ribbit
  9928 | D:8      | Reached skill level 5 in Staves
 10095 | D:8      | Noticed Joseph
 10106 | D:8      | Killed Joseph
 10658 | D:8      | Reached skill level 5 in Evocations
 10804 | D:9      | Found a burning altar of Makhleb.
 10840 | D:9      | Found an ancient bone altar of Kikubaaqudgha.
 10862 | D:8      | Reached skill level 6 in Staves
 10909 | D:9      | Found an ornate altar of the Wu Jian Council.
 10964 | D:9      | Reached XP level 10. HP: 80/82 MP: 13/13
 11476 | D:9      | Found a staircase to the Orcish Mines.
 11608 | D:9      | Reached skill level 7 in Staves
 12195 | D:9      | Reached skill level 8 in Staves
 12196 | D:9      | Gained mutation: Your body sometimes deteriorates upon
                  | taking damage. [potion of mutation]
 12196 | D:9      | Gained mutation: Your body often deteriorates upon taking
                  | damage. [potion of mutation]
 12196 | D:9      | Gained mutation: Your system is resistant to poisons.
                  | (rPois) [potion of mutation]
 12197 | D:9      | HP: 2/85 [poisoned by a queen bee]
 12198 | D:9      | Succumbed to a queen bee's poison

Illustrated notes

Levels and vault maps discovered:
D:1:      lightli_arrival_quake, layout_loops_ring
D:2:      layout_rooms, dreamdust_ecumenical_altar_hidden_monk_grotto,
          serial_curves, eino_curves_03, eino_curves_04, uniq_crazy_yiuf_cottage
D:3:      layout_rooms, mainiacjoe_overflow_six_doors_small,
          amcnicky_altar_gilded, lemuel_tele_altar, minmay_snake_closets
D:4:      layout_basic, xom_teletrap_fun
D:5:      layout_basic, minivault_4
D:6:      layout_gridville, minmay_temple_entry_tees, enter_ossuary_1,
          minmay_shop_enchanted_jewellery
D:7:      layout_gridville, grunt_ministairs_10
D:8:      layout_loops_ring, kennysheep_generic_room_7, uniq_psyche,
          uniq_joseph, uniq_prince_ribbit1
D:9:      layout_small_grid, bloody_makhleb, tgw_kikubaaqudgha,
          nzn_wu_jian_contemplation, minmay_orc_entry_guard_dogs, special_room
          [special_room_bee]

Skill      XL: |  1  2  3  4  5  6  7  8  9 10 |
---------------+-------------------------------+-----
Polearms       | 1 2 3 4 6 |  6.4
Fighting       | 1 2 3 4 5 6 7 |  7.8
Invocations    | 1 2 3 4 5 |  5.1
Axes           | 2 |  2.5
Staves         | 3 6 8 |  8.0
Evocations     | 1 5 7 |  7.0
Dodging        | |  1.5
Stealth        | |  1.2
Spellcasting   | |  2.0
Summonings     | |  3.2

Action                   |  1- 3 |  4- 6 |  7- 9 | 10-12 || total
-------------------------+-------+-------+-------+-------++-------
Melee: Spear             |    83 |   202 |   157 |       ||   442
       Tailslap          |     9 |    26 |    78 |    22 ||   135
       Dagger            |       |    39 |    29 |       ||    68
       Punch             |       |       |    13 |     3 ||    16
       Staff             |       |       |   136 |   121 ||   257
       Broad axe         |       |       |    15 |       ||    15
       War axe           |       |       |    26 |       ||    26
 Cast: Summon Small Mamm |     1 |       |       |       ||     1
Invok: Divine Shield     |       |       |     6 |     3 ||     9
 Abil: Rolling Charge    |    13 |    32 |    37 |     5 ||    87
Evoke: Wand              |       |       |     5 |     1 ||     6
  Use: Scroll            |     5 |     7 |    13 |       ||    25
       Potion            |       |     2 |     3 |     6 ||    11
Armor: Robe              |    29 |    46 |       |       ||    75
       Ring mail         |       |    54 |   204 |    70 ||   328
Dodge: Dodged            |    38 |    72 |   128 |    33 ||   271
Block: Other             |       |       |    22 |    18 ||    40
